 Dungeon Crawl Stone Soup version 0.26.1-2-gb8aa6d0cf2 (webtiles) character file.

Game seed: 140516814121994314

779 sking99 the Cleaver (level 7, 64/64 HPs)
             Began as a Hill Orc Monk on Feb 20, 2021.
             Was a Believer of Beogh.
             Quit the game on level 7 of the Dungeon.
             The game lasted 00:09:33 (5881 turns).

sking99 the Cleaver (Hill Orc Monk)                 Turns: 5881, Time: 00:09:34

Health: 64/64      AC:  9    Str: 16    XL:     7   Next: 85%
Magic:  9/9        EV:  7    Int: 10    God:    Beogh [**....]
Gold:   233        SH:  5    Dex: 13    Spells: 6/6 levels left

rFire    . . .     SeeInvis .   a - -1 war axe (curse)
rCold    . . .     Faith    .   (no shield)
rNeg     . . .     Spirit   .   r - +1 chain mail
rPois    .         Reflect  +   (no helmet)
rElec    .         Harm     .   (no cloak)
rCorr    .         Rampage  .   (no gloves)
Will     .....                  (no boots)
Stlth    ..........             i - amulet of reflection
HPRegen  0.20/turn              n - ring of wizardry
MPRegen  0.11/turn              p - ring of wizardry

@: no status effects
A: no striking features
a: Renounce Religion, Smiting


You were on level 7 of the Dungeon.
You worshipped Beogh.
Beogh was pleased with you.
You visited 1 branch of the dungeon, and saw 6 of its levels.

You collected 233 gold pieces.

Inventory:

Hand Weapons
 a - a cursed -1 war axe (weapon)
Armour
 r - a +1 chain mail (worn)
Jewellery
 i - an amulet of reflection (around neck)
 n - a ring of wizardry (left hand)
 p - a ring of wizardry (right hand)
Scrolls
 c - 2 scrolls of teleportation
 d - a scroll of fog
 m - 2 scrolls of remove curse
 q - a scroll of fear
Potions
 b - 2 potions of curing
 e - a potion of lignification {unknown}
 h - 2 potions of magic
 k - 2 potions of degeneration
 l - a potion of resistance
 s - a potion of brilliance {unknown}
 t - a potion of might {unknown}


   Skills:
 + Level 6.4 Fighting
 * Level 9.3 Axes
 - Level 2.4 Dodging
 - Level 1.5 Stealth
 + Level 3.9 Invocations


You had 6 spell levels left.
You didn't know any spells.
Your spell library was empty.

Dungeon Overview and Level Annotations

Branches:
Dungeon (5/15)
 Temple: D:4-7

Altars:
Ashenzari
Fedhas
Ru
Uskayaw
Vehumet
Beogh


Message History

You slash the orc!
You kill the orc!
Beogh accepts your kill.
No target in view!
No target in view!
Things that are here:
a +0 dagger; an orc corpse You fall into a shaft and drop 2 floors!
The shaft crumbles and collapses.
An orc warrior comes into view. It is wielding a +0 mace.
The orc warrior shouts!
An orc comes into view.
The orc shouts!
You hear a shout!
Found a worn lead wand, a glowing emerald potion and a flail.
Found a stone staircase leading up.
A centaur zombie comes into view.
An orc wizard comes into view. It is wielding a +0 dagger.
The orc wizard shouts!
Found a trident.
Found a stone staircase leading down.
Are you sure you want to abandon this character and quit the game? (Confirm with "yes".)

>. ####..# #.<
#..)..# #
#..##.....###..
#............
#...o.......
...!o...##...
#o.Z......)
#..@# #/.##
#..# #..# ...#
##.## #. #. ..


You could see an orc warrior, an orc wizard, an orc and a centaur zombie.

Vanquished Creatures
  3 ice beasts (D:5)
  An ogre (D:4)
  2 scorpions
  An orc priest (D:2)
  A bullfrog skeleton (D:4)
  3 worker ants
  A howler monkey skeleton (D:5)
  7 adders
  A shadow imp (D:5)
  An ooze (D:1)
  2 adder skeletons
  A worm (D:3)
  7 dart slugs
  6 leopard geckos
  4 orcs
  7 bats
  2 giant cockroaches (D:1)
  5 goblins
  8 hobgoblins
  5 jackals
  4 quokkas
  2 ball pythons (D:2)
  6 frilled lizards
  12 kobolds
  5 rats
97 creatures vanquished.

Vanquished Creatures (others)
  22 plants
22 creatures vanquished.

Grand Total: 119 creatures vanquished

Notes
Turn   | Place    | Note
-------+----------+-------------------------------------------
     0 | D:1      | sking99 the Hill Orc Monk began the quest for the Orb.
     0 | D:1      | Reached XP level 1. HP: 19/19 MP: 1/1
   296 | D:1      | Reached XP level 2. HP: 22/27 MP: 2/2
   779 | D:1      | Reached skill level 5 in Axes
   797 | D:1      | Reached XP level 3. HP: 22/33 MP: 3/3
  1802 | D:2      | Reached XP level 4. HP: 34/41 MP: 4/4
  1985 | D:2      | Reached skill level 6 in Axes
  2891 | D:3      | Found a blossoming altar of Fedhas.
  3120 | D:3      | Reached XP level 5. HP: 47/47 MP: 5/5
  3480 | D:2      | Reached skill level 5 in Fighting
  3817 | D:3      | Reached skill level 7 in Axes
  4275 | D:4      | Found a radiant altar of Vehumet.
  4275 | D:4      | Found a faded altar of an unknown god.
  4282 | D:4      | Found a sacrificial altar of Ru.
  4284 | D:4      | Found a broken altar of Ashenzari.
  4286 | D:4      | Found a hide-covered altar of Uskayaw.
  4302 | D:4      | Became a worshipper of Beogh the Brigand
  4302 | D:4      | Reached * piety under Beogh
  4302 | D:4      | Reached ** piety under Beogh
  4354 | D:4      | Reached skill level 1 in Invocations
  4354 | D:4      | Reached XP level 6. HP: 54/56 MP: 6/6
  4568 | D:4      | Found a broken altar of Ashenzari.
  4606 | D:4      | Reached *** piety under Beogh
  4680 | D:4      | Reached skill level 8 in Axes
  5003 | D:5      | Entered Level 5 of the Dungeon
  5003 | D:5      | Noticed an ice beast
  5011 | D:5      | Killed an ice beast
  5012 | D:5      | Reached XP level 7. HP: 50/62 MP: 8/8
  5565 | D:5      | Reached skill level 9 in Axes
  5879 | D:5      | You fall into a shaft and drop 2 floors!
  5881 | D:7      | Quit the game

Illustrated notes

Levels and vault maps discovered:
D:1:      minmay_arrival_shattered_statue, layout_loops_ring
D:2:      layout_basic, serial_bayou, serial_bayou_lake_a, serial_bayou_pond_c,
          serial_bayou_crossing, serial_bayou_shore_b, serial_bayou_shore_b,
          minmay_misc_feat_hallway
D:3:      layout_basic, chequers_serial_rivers_small_b, fedhas_altar_1
D:4:      layout_loops_ring, chequers_temple_overflow_minitemple, st_stairs_7,
          hangedman_abyss_or_decor_stagger, minmay_ruined_shrine
D:5:      layout_loops_cross
D:7:      layout_loops_ring, general_overflow_altar, basic_altar

Skill      XL: |  1  2  3  4  5  6  7 |
---------------+----------------------+-----
Fighting       | 4 5 6 |  6.4
Axes           | 5 6 7 8 9 |  9.3
Invocations    | 1 2 3 |  3.9
Dodging        | |  2.4
Stealth        | |  1.5

Action                   |  1- 3 |  4- 6 |  7- 9 || total
-------------------------+-------+-------+-------++-------
Melee: Hand axe          |   117 |   214 |    23 ||   354
       War axe           |       |       |    41 ||    41
Invok: Smiting           |       |       |     4 ||     4
  Use: Scroll            |       |    11 |     2 ||    13
 Stab: Sleeping          |     1 |       |       ||     1
Armor: Robe              |     5 |       |       ||     5
       Leather armour    |    24 |    12 |       ||    36
       Chain mail        |       |    84 |    28 ||   112
Dodge: Dodged            |    86 |    89 |    14 ||   189
Block: Other             |       |     5 |    11 ||    16
